 Dungeon Crawl Stone Soup version 0.26.0-16-gc1dbca0489 (webtiles) character file.

Game seed: 3318826787132890954

215 runemasterragnar the Skirmisher (level 5, -1/66 HPs)
             Began as an Ogre Monk on Jan 21, 2021.
             Was a Believer of Okawaru.
             Slain by Robin
             ... wielding a +9 club
              (4 damage)
             ... on level 3 of the Dungeon.
             The game lasted 00:04:31 (3850 turns).

runemasterragnar the Skirmisher (Ogre Monk)         Turns: 3850, Time: 00:04:32

Health: -1/66      AC:  2    Str: 15    XL:     5   Next: 92%
Magic:  5/5        EV: 11    Int: 11    God:    Okawaru [**....]
Gold:   154        SH:  0    Dex: 12    Spells: 4/4 levels left

rFire    . . .     SeeInvis .   a - +0 hand axe
rCold    . . .     Faith    .   (no shield)
rNeg     . . .     Spirit   .   i - -2 robe (curse)
rPois    .         Reflect  .   (helmet restricted)
rElec    .         Harm     .   (no cloak)
rCorr    .         Rampage  .   (gloves unavailable)
Will     .....                  (boots unavailable)
Stlth    +.........             (no amulet)
HPRegen  0.21/turn              (no ring)
MPRegen  0.09/turn              (no ring)

@: very slightly contaminated, invisible
A: large, unfitting armour, hooves 1, rugged brown scales 1, robust 1, tough
skin 1
a: Renounce Religion, Heroism


You were on level 3 of the Dungeon.
You worshipped Okawaru.
Okawaru was pleased with you.
You visited 1 branch of the dungeon, and saw 3 of its levels.

You collected 154 gold pieces.

Inventory:

Hand Weapons
 a - a +0 hand axe (weapon)
 f - a +1 trident of protection
 k - a +0 hunting sling
Missiles
 c - 117 stones (quivered)
Armour
 b - a +0 robe
 i - a cursed -2 robe (worn)
Scrolls
 l - a scroll of teleportation
Potions
 d - a potion of invisibility
 g - 2 potions of degeneration
 h - a potion of heal wounds {unknown}
 j - a potion of cancellation {unknown}


   Skills:
 * Level 6.0 Fighting
 - Level 4.3(4.4) Axes
 + Level 0.7(2.8) Polearms
 + Level 3.4 Dodging
 - Level 1.4 Stealth
 + Level 1.3 Invocations


You had 4 spell levels left.
You didn't know any spells.
Your spell library was empty.

Dungeon Overview and Level Annotations

Branches:
Dungeon (3/15)

Altars:
Dithmenos
Nemelex Xobeh
Okawaru
Zin

Annotations:
D:2 2 transporters
D:3 Robin


Innate Abilities, Weirdness & Mutations

You are too large for most types of armour.
You have tough skin. (AC +1)
You have large cloven feet.
You are partially covered in rugged brown scales. (AC +1, +3% HP)
You are robust. (+10% HP)


Message History

You closely miss the goblin. You closely miss the hobgoblin.
The goblin barely misses you. Robin hits you with a +9 club.
* * * LOW HITPOINT WARNING * * *
The hobgoblin hits you with a +0 club!
* * * LOW HITPOINT WARNING * * *
Unknown command.
You feel better.
The hobgoblin no longer looks unusually strong.
The goblin barely misses you. Robin hits you with a +9 club!
* * * LOW HITPOINT WARNING * * *
The hobgoblin hits you but does no damage.
You fade into invisibility!
The goblin closely misses you. Robin hits you with a +9 club.
* * * LOW HITPOINT WARNING * * *
The hobgoblin hits you with a +0 club.
* * * LOW HITPOINT WARNING * * *
You are very lightly contaminated with residual magic.
Unknown command.
Robin hits you with a +9 club.
You die...

####.#>....#
(g.........#
.###.#.....# #.#.....##
#........# ##...###.#
##S.###.### #gg#.....#
#g@......#
###############.##.....#
)..)..)....))..........#
###############.##.....#
# ####..#.....# ###
#.†.........# ..##
##.###.#.....# ..)##
##..# #.......# ....#
#..## ##......#


You could see Robin, an adder, a hobgoblin and a goblin.

Vanquished Creatures
  An orc wizard (D:3)
  3 gnolls (D:2)
  6 adders
  2 oozes
  3 dart slugs
  9 orcs (D:3)
  2 ball pythons (D:1)
  9 giant cockroaches
  13 goblins
  5 hobgoblins
  2 jackals (D:3)
  4 kobolds (D:1)
  A quokka (D:3)
  8 bats
  9 frilled lizards
  3 rats
80 creatures vanquished.

Vanquished Creatures (others)
  4 plants (D:1)
4 creatures vanquished.

Grand Total: 84 creatures vanquished

Notes
Turn   | Place    | Note
-------+----------+-------------------------------------------
     0 | D:1      | runemasterragnar the Ogre Monk began the quest for the Orb.
     0 | D:1      | Reached XP level 1. HP: 24/24 MP: 1/1
    57 | D:1      | Reached XP level 2. HP: 23/32 MP: 2/2
   624 | D:1      | Reached XP level 3. HP: 40/40 MP: 3/3
  1224 | D:2      | Reached skill level 5 in Fighting
  1318 | D:2      | Gained mutation: You are robust. (+10% HP) [potion of
                  | mutation]
  1318 | D:2      | Gained mutation: You have large cloven feet. [potion of
                  | mutation]
  1318 | D:2      | Gained mutation: You are partially covered in rugged brown
                  | scales. (AC +1, +3% HP) [potion of mutation]
  1581 | D:2      | Reached XP level 4. HP: 48/56 MP: 4/4
  2008 | D:2      | Found a transporter.
  2008 | D:2      | Found a sparkling altar of Nemelex Xobeh.
  2023 | D:2      | Found a transporter.
  2122 | D:2      | Found an iron altar of Okawaru.
  2212 | D:2      | Found a faded altar of an unknown god.
  2288 | D:2      | Became a worshipper of Warmaster Okawaru
  2288 | D:2      | Reached * piety under Okawaru
  2288 | D:2      | Reached ** piety under Okawaru
  2708 | D:2      | Found a shadowy altar of Dithmenos.
  3004 | D:3      | Reached XP level 5. HP: 50/64 MP: 5/5
  3207 | D:3      | Reached skill level 1 in Invocations
  3313 | D:3      | Found a glowing silver altar of Zin.
  3623 | D:3      | Reached skill level 6 in Fighting
  3831 | D:3      | Noticed Robin
  3849 | D:3      | HP: 3/66 [hobgoblin/+0 club[Robin] (2)]
  3850 | D:3      | Slain by Robin

Illustrated notes

Levels and vault maps discovered:
D:1:      mrwooster_arrival_statue, layout_rooms, serial_forest,
          infiniplex_forest_clump_double, infiniplex_forest_clump_small,
          infiniplex_forest_lined_room_2, infiniplex_forest_straight_2,
          infiniplex_forest_lined_room_2, infiniplex_forest_end_3
D:2:      layout_loops_ring, gammafunk_temple_overflow_arena, marbit_many_paths,
          lemuel_doored_altar, chequers_ecumenical_altar_twisty
D:3:      layout_rooms, zin_treasury, minmay_hedge_maze, lemuel_statue_altar,
          uniq_robin

Skill      XL: |  1  2  3  4  5 |
---------------+----------------+-----
Dodging        | 3 |  3.4
Fighting       | 5 6 |  6.0
Axes           | 4 |  4.3
Invocations    | 1 |  1.3
Polearms       | |  0.7
Stealth        | |  1.4

Action                   |  1- 3 |  4- 6 || total
-------------------------+-------+-------++-------
Melee: Hand axe          |   127 |    54 ||   181
       Kick              |     4 |    25 ||    29
       Trident           |       |    40 ||    40
 Fire: Hunting sling     |       |    73 ||    73
Throw: Stone             |     4 |       ||     4
  Use: Scroll            |     4 |     2 ||     6
       Potion            |     1 |     2 ||     3
 Stab: Sleeping          |     7 |     1 ||     8
Armor: Robe              |    30 |    43 ||    73
Dodge: Dodged            |    71 |    84 ||   155
